 Dungeon Crawl Stone Soup version 0.24.0-123-gd5b16e6ec5 (webtiles) character file.

Game seed: 6145125065894331971, levelgen mode: deterministic

50 Descartes the Grasshopper (level 3, 0/16 HPs)
             Began as a Felid Warper on Feb 5, 2020.
             Succumbed to an adder's poison
             ... on level 2 of the Dungeon.
             The game lasted 00:04:42 (2060 turns).

Descartes the Grasshopper (Felid Warper)            Turns: 2060, Time: 00:04:43

Health: 0/16       AC:  1    Str:  8    XL:     3   Next: 55%
Magic:  3/7        EV: 19    Int: 14    God:
Gold:   88         SH:  0    Dex: 15    Spells: 2/6 levels left
                                        Lives:  0   Deaths: 0

rFire    . . .     SeeInvis +     - Unarmed
rCold    . . .     Gourm    .   (shield unavailable)
rNeg     . . .     Faith    .   (armour unavailable)
rPois    .         Spirit   .   (helmet unavailable)
rElec    .         Reflect  .   (cloak unavailable)
rCorr    .         Harm     .   (gloves unavailable)
MR       .....                  (boots unavailable)
Stlth    +++.......             (no amulet)
HPRegen  0.05/turn              (no ring)
MPRegen  0.10/turn              (no ring)

@: lethally poisoned (0 -> -5), quick
A: very small, no armour, no weapons or thrown items, stealth, claws 1, fangs 3,
see invisible, carnivore, speed 1, shaggy fur 1, slow metabolism 1, sharp paws
a: no special abilities


You were on level 2 of the Dungeon.
You were completely stuffed.

You visited 1 branch of the dungeon, and saw 2 of its levels.

You collected 88 gold pieces.

Inventory:

Missiles
 e - 62 stones
 h - 36 arrows
Scrolls
 a - a scroll of random uselessness {unknown}
 b - a scroll of blinking
 f - a scroll of enchant armour {unknown}
 i - a scroll of enchant weapon {unknown}
 j - a scroll of immolation {unknown}
 n - 2 scrolls of identify {unknown}
 o - a scroll of remove curse {unknown}
 p - a scroll of amnesia {unknown}
Potions
 d - 2 potions of heal wounds {unknown}
 g - a potion of degeneration {unknown}
 k - a potion of haste {unknown}
 l - a potion of invisibility {unknown}
Comestibles
 c - a ration
 m - 4 chunks of flesh


   Skills:
 - Level 2.0 Fighting
 + Level 3.7 Dodging
 * Level 3.0 Stealth
 + Level 2.4 Unarmed Combat
 - Level 2.0 Spellcasting
 + Level 1.1 Charms
 + Level 4.6 Translocations


You had 2 spell levels left.
You knew the following spells:

 Your Spells              Type           Power        Failure   Level  Hunger
a - Blink                 Tloc           N/A          5%          2    ###....
b - Shroud of Golubria    Chrm/Tloc      #.....       11%         2    ###....

Your spell library contained the following spells:

 Spells                   Type           Power        Failure   Level  Hunger
 Gell's Gravitas          Tloc           ##........   11%         3    ####...
 Lesser Beckoning         Tloc           ##........   11%         3    ####...
 Teleport Other           Tloc           ##......     11%         3    ####...
 Passage of Golubria      Tloc           N/A          34%         4    #####..


Dungeon Overview and Level Annotations

Branches:
Dungeon (2/15)

Altars:


Innate Abilities, Weirdness & Mutations

You cannot wear armour.
You are incapable of wielding weapons or throwing items.
Your paws allow you to move quietly. (Stealth)
You have sharp claws.
You have razor-sharp teeth.
You have supernaturally acute eyesight. (SInv)
You are carnivorous and can eat meat at any time.
You cover ground quickly.
You are covered in fur. (AC +1)
You have a slow metabolism.
Your sharp claws are effective at attacking unaware monsters.


Message History

The adder is severely wounded.
The adder closely misses you. The adder barely misses you.
You scratch the adder.
The adder is almost dead.
The adder bites you.
* * * LOW HITPOINT WARNING * * *
You are lethally poisoned!
The adder poisons you!
You barely miss the adder.
The adder is almost dead.
* * * LOW HITPOINT WARNING * * *
You feel sick. The adder closely misses you.
You closely miss the adder.
The adder is almost dead.
The adder barely misses you.
You scratch the adder.
You kill the adder!
Your Stealth skill increases to level 3!
You barely miss the hobgoblin.
You die...

...#
#####.############
#................#
#.###.####.......#
#รท# #.#
#.......##### #
#.# #.#
#............ #.#
#.# #.# #.......#
#.### #.#
#.####..$....#
....# #.#
#...@g...<......
#.#.#####.#
#######...........
........#.#
###..######.
.##.###.#.# #..#
.##.# #.#.# #..#
.##.# #.#.# #..#
....# #.#.# .####
#.#.# .# #.#.#


You could see a hobgoblin.

Vanquished Creatures
  An adder (D:2)
  4 dart slugs
  5 bats
  5 goblins
  4 hobgoblins
  8 kobolds
  2 frilled lizards (D:1)
  3 rats (D:2)
32 creatures vanquished.

Notes
Turn   | Place    | Note
-------+----------+-------------------------------------------
     0 | D:1      | Descartes the Felid Warper began the quest for the Orb.
     0 | D:1      | Reached XP level 1. HP: 9/9 MP: 4/4
   161 | D:1      | Reached skill level 1 in Stealth
   198 | D:1      | Reached XP level 2. HP: 12/13 MP: 6/6
   224 | D:1      | Learned a level 2 spell: Blink
   227 | D:1      | Learned a level 2 spell: Shroud of Golubria
   311 | D:1      | You fall into a shaft and drop 1 floor!
  1319 | D:1      | Reached XP level 3. HP: 16/16 MP: 7/7
  2007 | D:2      | Reached skill level 1 in Charms
  2060 | D:2      | Succumbed to an adder's poison

Levels and vault maps discovered:
D:1:      matt_arrival_spirals, layout_basic
D:2:      layout_loops_ring, first_ration, hangedman_decor_opposing,
          minmay_pentomino_w2

Skill      XL: |  1  2  3 |
---------------+----------+-----
Stealth        | 1 2 3 |  3.0
Charms         | 1 |  1.1
Fighting       | |  2.0
Dodging        | |  3.7
Unarmed Combat | |  2.4
Spellcasting   | |  2.0
Translocations | |  4.6

Action                   || total
-------------------------++-------
Melee: Unarmed           ||   131
       Bite              ||     9
 Cast: Blink             ||     2
       Shroud of Golubri ||     1
 Stab: Sleeping          ||     6
  Eat: Chunk             ||    10
Armor: Skin              ||     3
Dodge: Dodged            ||    92
